Construct Infanterie Kompanie
Construct Panzergrenadier Kompanie
Pak 40 Anti-tank Gun Team
Nebelwerfer 42 Rocket Launcher Team
Nebelwerfer 42 Rocket Launcher Team
Construct Luftwaffe Kompanie
Luftwaffe Officer Quarters
Construct Panzer Kompanie
Selects Italian Coastal Battlegroup
Selects Artillery Officer
Selects Obice da 210/22 Artillery Emplacement
Selects Designated Artillery Overwatch
Panzergrenadier Officer Quarters